 Dungeon Crawl Stone Soup version 0.31-a0-246-g8cbcc1cb85 (webtiles) character file.

Game seed: 14870542570356424158

9960 qw the Skirmisher (level 11, -14/99 HPs)
             Began as a Minotaur Hexslinger on July 12, 2023.
             Killed from afar by an ogre mage (42 damage)
             ... with a bolt of magma
             ... on level 10 of the Dungeon.
             The game lasted 00:03:11 (8280 turns).

qw the Skirmisher (Minotaur Hexslinger)             Turns: 8280, Time: 00:03:12

Health: -14/99     AC: 13    Str: 12    XL:     11   Next: 29%
Magic:  11/11      EV: 15    Int: 10    God:
Gold:   608        SH:  0    Dex: 21    Spells: 11/12 levels left

rFire   . . .        c - +10 longbow of the Feeding Weasel {heavy, Dex+3}
rCold   . . .        (shield currently unavailable)
rNeg    . . .        o - +1 swamp dragon scales
rPois   +            (helmet restricted)
rElec   .            k - +1 cloak
rCorr   .            (no gloves)
SInv    .            p - +0 pair of boots
Will    .....        (no amulet)
Stlth   +            (no ring)
HPRegen 0.36/turn    (no ring)
MPRegen 0.12/turn

%: no passive effects
@: no status effects
A: horns 2, retaliatory headbutt
a: no special abilities


You were on level 10 of the Dungeon.
You visited 2 branches of the dungeon, and saw 11 of its levels.
You also visited: Sewer and Ossuary.

You collected 608 gold pieces.


Innate Abilities, Weirdness & Mutations

You have a pair of horns on your head.
You reflexively headbutt those who attack you in melee.


   Skills:
 - Level 10.0 Fighting
 + Level 14.7 Ranged Weapons
 - Level 6.4 Armour
 - Level 7.0 Dodging
 - Level 1.0 Spellcasting
 - Level 2.0 Hexes


You had 11 spell levels left.
You knew the following spells:

 Your Spells              Type           Power      Damage    Failure   Level
a - Slow                  Hex            16%        N/A       30%         1

Your spell library contained the following spells:

 Spells                   Type           Power      Damage    Failure   Level
 Inner Flame              Hex/Fire       2%         N/A       80%         3
 Portal Projectile        Hex/Tloc       4%         N/A       80%         3
 Cause Fear               Hex            2%         N/A       97%         4

Inventory:

Hand Weapons
 c - the +10 longbow of the Feeding Weasel (weapon) {heavy, Dex+3}
   (You acquired it on level 3 of the Dungeon)

   Dex:       It affects your dexterity (+3).
Armour
 b - a +1 ring mail of fire resistance
 f - a +2 leather armour of cold resistance
 k - a +1 cloak (worn)
 o - +1 swamp dragon scales (worn)
 p - a +0 pair of boots (worn)
 r - a +0 troll leather armour
Jewellery
 q - a ring of fire
Scrolls
 a - 6 scrolls of teleportation
 d - a scroll of identify
 g - 3 scrolls of enchant weapon
 i - a scroll of brand weapon
Potions
 e - 2 potions of curing
 h - a potion of haste
 j - a potion of mutation
 l - 4 potions of heal wounds
 m - a potion of attraction {unknown}
 n - 2 potions of enlightenment {unknown}

Dungeon Overview and Level Annotations

Branches:
Dungeon (10/15)            Temple (1/1) D:4            Lair (0/5) D:8
  Sewer (visited)         Ossuary (visited)
    Orc: D:9-12

Altars:
Ashenzari
Cheibriados
Dithmenos
Elyvilon
Fedhas
Hepliaklqana
Kikubaaqudgha
Makhleb
Nemelex Xobeh
Qazlal
Ru
Sif Muna
Trog
Uskayaw
Vehumet
Wu Jian
Xom
Yredelemnul
Zin
The Shining One

Shops:
D:4 =

Annotations:
D:3 2 transporters


Message History

The cyan ugly thing misses you. You furiously retaliate!
You headbutt the cyan ugly thing.
The cyclops throws a large rock.
The large rock closely misses you.
The cyan ugly thing tail-slaps you but does no damage.
You shoot an arrow. The arrow hits the cyan ugly thing!
The cyan ugly thing is severely wounded.
The cyan ugly thing closely misses you.
The cyan ugly thing tail-slaps you but does no damage.
You shoot an arrow.
The arrow barely misses the cyan ugly thing.
The cyclops hits you!! The cyan ugly thing misses you.
You shoot an arrow.
The arrow closely misses the cyan ugly thing.
The cyan ugly thing closely misses you. The cyclops hits you!
The cyan ugly thing barely misses you.
You shoot an arrow. The arrow hits the cyan ugly thing!!
You kill the cyan ugly thing!
The ogre mage mumbles some strange words.
The ogre mage flickers and vanishes!
Deactivating autopickup; reactivate with Ctrl-A.
The human hits you but does no damage.
The cyclops hits you but does no damage.
The human barely misses you.
You shoot an arrow. The arrow hits the cyclops!!!
You kill the cyclops!
The human changes into a black mamba!
You hear some strange, mumbled words.
Something tries to affect you, but you resist.
Something hits you.
You shoot an arrow. The arrow hits the black mamba!!
The black mamba is severely wounded.
The black mamba bites you! The black mamba bites you. Something hits you!
You shoot an arrow. The arrow hits the black mamba!!!
You kill the black mamba!
Something hits you.
You shoot an arrow.
You hear some strange, mumbled words.
A bolt of magma appears from out of thin air!
The bolt of magma hits you!!!
You die...

###...... .. ..
.##?...... .. .#.#
#)#..##..# # #...
)##...#..# $#%#
#)#..#....# #...
.##.####..#
#.#.#.#..# #..#
#.{(##.#####..#
#.#@#..).))...##8...
#%##...##.#####....
#%#...###.# #8....
#.#...# #.# #....
#>.....#..### #.#
#8... #.####.#.##
#.# ##_#
#...######.#########
##..................
#..................


There were no monsters in sight!

Vanquished Creatures
  Harold (D:9)
  An ugly thing (D:10)
  A cyclops (D:10)
  Maurice (D:9)
  A black mamba (shapeshifter) (D:10)
  Maggie (D:8)
  An unseen horror (D:9)
  A komodo dragon (D:8)
  A troll (D:10)
  A wraith (D:10)
  4 wyverns
  Eustachio (D:5)
  4 yaks (D:9)
  A basilisk (D:8)
  2 steam dragons
  An acid dragon (D:8)
  A water moccasin (D:7)
  An orc warrior (D:10)
  3 sky beasts
  A black bear (D:6)
  An ice beast (D:6)
  3 centaurs
  2 ogres
  10 kobold brigands
  4 bullfrogs
  3 scorpions
  A gnoll sergeant (D:8)
  21 wights
  5 water moccasin zombies (Ossuary)
  4 killer bees (D:8)
  A howler monkey (D:5)
  A jelly (D:7)
  3 gnoll boudas
  3 orc priests
  5 hounds
  4 iguanas
  A sleepcap (D:4)
  6 orc wizards
  2 mummies (Ossuary)
  23 gnolls
  16 adders
  3 river rats
  A shadow imp (D:7)
  An ufetubus (D:6)
  3 adder zombies (Ossuary)
  3 worms
  3 dart slugs
  28 orcs
  4 bats
  11 endoplasms
  3 giant cockroaches
  3 gnoll zombies (Ossuary)
  10 hobgoblins
  2 jackals (D:1)
  6 quokkas
  12 ball pythons
  A frilled lizard (D:1)
  8 goblins
  A hobgoblin zombie (Ossuary)
  22 kobolds
  4 kobold zombies (Ossuary)
  9 orc zombies (Ossuary)
  12 rats
298 creatures vanquished.

Notes
Turn   | Place    | Note
-------+----------+-------------------------------------------
     0 | D:1      | qw the Minotaur Hexslinger began the quest for the Orb.
     0 | D:1      | Reached XP level 1. HP: 16/16 MP: 1/1
     0 | D:1      | 0 ||| qw: Version: 0.3-a-52-g30416fa
     0 | D:1      | 0 ||| qw: Game counter: 6361
     0 | D:1      | 0 ||| qw: Melee chars always use a shield: true
     0 | D:1      | 0 ||| qw: God list: Okawaru
     0 | D:1      | 0 ||| qw: Allow faded altars: false
     0 | D:1      | 0 ||| qw: Do Orc after clearing Dungeon:15 true
     0 | D:1      | 0 ||| qw: Do second Lair branch before Depths: true
     0 | D:1      | 0 ||| qw: Lair rune preference: random
     0 | D:1      | 0 ||| qw: Goals: Normal
     0 | D:1      | 0 ||| PLANNING D:1-11
   103 | D:1      | Reached skill level 3 in Ranged Weapons
   103 | D:1      | Reached XP level 2. HP: 23/23 MP: 2/2
   123 | D:1      | Found a faded altar of an unknown god.
   256 | D:1      | 256 ||| FLEEEEING.
   257 | D:1      | 257 ||| FLEEEEING.
   717 | D:1      | Reached XP level 3. HP: 29/29 MP: 3/3
   731 | D:1      | 731 ||| READING 2 scrolls labelled BEWICEADON.
   734 | D:1      | 734 ||| READING scroll labelled AMOMIR CUKAPTI.
   735 | D:1      | 735 ||| READING scroll labelled ONAMPOX LUKAK.
   736 | D:1      | 736 ||| DROPPING scroll of poison.
   861 | D:2      | Reached skill level 4 in Ranged Weapons
   873 | D:2      | Reached XP level 4. HP: 36/36 MP: 4/4
   950 | D:2      | 950 ||| FLEEEEING.
   951 | D:2      | 951 ||| FLEEEEING.
  1286 | D:2      | Reached skill level 5 in Ranged Weapons
  1354 | D:2      | 1354 ||| FLEEEEING.
  1355 | D:2      | 1355 ||| FLEEEEING.
  1356 | D:2      | 1356 ||| FLEEEEING.
  1357 | D:2      | 1357 ||| FLEEEEING.
  1358 | D:2      | 1358 ||| FLEEEEING.
  1359 | D:2      | 1359 ||| FLEEEEING.
  1360 | D:2      | 1360 ||| FLEEEEING.
  1361 | D:2      | 1361 ||| FLEEEEING.
  1362 | D:2      | 1362 ||| FLEEEEING.
  1363 | D:2      | 1363 ||| FLEEEEING.
  1364 | D:2      | 1364 ||| FLEEEEING.
  1365 | D:2      | 1365 ||| FLEEEEING.
  1366 | D:2      | 1366 ||| FLEEEEING.
  1492 | D:2      | 1492 ||| READING scroll labelled UFARHU ELAOPO.
  1512 | D:3      | Found a transporter.
  1517 | D:3      | Found a transporter.
  1613 | D:3      | Reached skill level 3 in Fighting
  1789 | D:3      | Reached XP level 5. HP: 40/45 MP: 5/5
  2022 | D:3      | 2022 ||| UPGRADING to +1 ring mail of fire resistance.
  2032 | D:3      | 2032 ||| DROPPING +0 robe.
  2033 | D:3      | 2033 ||| READING scroll labelled GUAVVU ZIUN.
  2033 | D:3      | Identified a scroll of acquirement
  2033 | D:3      | 2033 ||| ACQUIRING +10 longbow of the Feeding Weasel
                  | {heavy, Dex+3}
  2033 | D:3      | Acquired the +10 longbow of the Feeding Weasel {heavy,
                  | Dex+3}
  2035 | D:3      | 2035 ||| SWAPPING to +10 longbow of the Feeding Weasel
                  | {heavy, Dex+3}.
  2036 | D:3      | 2036 ||| DROPPING +2 sling.
  2037 | D:3      | 2037 ||| READING scroll labelled XIHIUN VIUQEAP.
  2038 | D:3      | 2038 ||| DRINKING 2 smoky black potions.
  2039 | D:3      | 2039 ||| READING 2 scrolls of identify.
  2039 | D:3      | 2039 ||| IDENTIFYING fuming orange potion
  2040 | D:3      | 2040 ||| DROPPING potion of lignification.
  2069 | D:4      | 2069 ||| PLANNING SEWER
  2096 | D:4      | Reached skill level 1 in Armour
  2145 | D:4      | Noticed an ogre
  2147 | D:4      | Killed an ogre
  2148 | D:4      | Reached skill level 6 in Ranged Weapons
  2151 | D:4      | Reached XP level 6. HP: 51/51 MP: 6/6
  2557 | D:4      | Found Gorug's Jewellery Shoppe.
  2565 | D:4      | 2565 ||| SHOPLISTING +6 ring of strength (468 gold, have
                  | 245).
  2565 | D:4      | 2565 ||| SHOPLISTING amulet of reflection (390 gold, have
                  | 245).
  2565 | D:4      | 2565 ||| SHOPLISTING amulet of regeneration (390 gold, have
                  | 245).
  2565 | D:4      | 2565 ||| SHOPLISTING ring of Bisafage {rC++ Dex+6} (786
                  | gold, have 245).
  2565 | D:4      | 2565 ||| SHOPLISTING ring of resist corrosion (260 gold,
                  | have 245).
  2565 | D:4      | 2565 ||| SHOPLISTING ring of willpower (325 gold, have
                  | 245).
  2613 | D:4      | 2613 ||| Stepping ~*~*~tactically~*~*~ (water).
  2639 | D:4      | 2639 ||| Stepping ~*~*~tactically~*~*~ (water).
  2645 | D:4      | Found a glowing drain.
  2646 | D:4      | 2646 ||| UPGRADING to +2 leather armour of cold resistance.
  2656 | D:4      | 2656 ||| UPGRADING to +0 cloak.
  2661 | D:4      | 2661 ||| READING scroll labelled LEIMECSIXTEW.
  2662 | D:4      | 2662 ||| READING 2 scrolls of identify.
  2662 | D:4      | 2662 ||| IDENTIFYING pink potion
  2663 | D:4      | 2663 ||| DROPPING potion of brilliance.
  2667 | Sewer    | Entered a sewer
  2712 | Sewer    | Reached skill level 7 in Ranged Weapons
  2787 | Sewer    | Reached skill level 3 in Dodging
  2787 | Sewer    | Reached XP level 7. HP: 59/59 MP: 7/7
  2907 | Sewer    | 2907 ||| Stepping ~*~*~tactically~*~*~ (water).
  2961 | Sewer    | 2961 ||| Stepping ~*~*~tactically~*~*~ (water).
  3008 | Sewer    | 3008 ||| Stepping ~*~*~tactically~*~*~ (water).
  3011 | Sewer    | 3011 ||| Stepping ~*~*~tactically~*~*~ (water).
  3013 | Sewer    | 3013 ||| Stepping ~*~*~tactically~*~*~ (water).
  3053 | Sewer    | 3053 ||| Stepping ~*~*~tactically~*~*~ (water).
  3056 | Sewer    | Reached skill level 8 in Ranged Weapons
  3177 | Sewer    | 3177 ||| Stepping ~*~*~tactically~*~*~ (water).
  3268 | Sewer    | 3268 ||| READING scroll labelled CIMAAGG ZOSUDGH.
  3269 | Sewer    | 3269 ||| READING scroll labelled KAALINLIEHI.
  3294 | D:4      | 3294 ||| PLANNING D:1-11
  3476 | D:4      | Found a staircase to the Ecumenical Temple.
  3477 | D:4      | 3477 ||| PLANNING TEMPLE
  3483 | Temple   | Entered the Ecumenical Temple
  3483 | Temple   | Found a transporter.
  3483 | Temple   | Found a transporter.
  3485 | Temple   | Found a transporter.
  3485 | Temple   | Found a transporter.
  3495 | Temple   | 3495 ||| PLANNING D:1-11
  3625 | D:5      | Entered Level 5 of the Dungeon
  3729 | D:5      | Reached skill level 9 in Ranged Weapons
  3729 | D:5      | Reached XP level 8. HP: 68/68 MP: 8/8
  4289 | D:5      | Reached skill level 6 in Fighting
  4519 | D:5      | Noticed Eustachio
  4523 | D:5      | Killed Eustachio
  4564 | D:5      | 4564 ||| READING scroll labelled ZUG HEACRAFF.
  4609 | D:6      | Reached skill level 10 in Ranged Weapons
  4642 | D:6      | Found a burning altar of Makhleb.
  4913 | D:6      | Reached XP level 9. HP: 79/79 MP: 9/9
  5040 | D:6      | Found a white marble altar of Elyvilon.
  5040 | D:6      | Found a hazy altar of Hepliaklqana.
  5307 | D:7      | Reached skill level 11 in Ranged Weapons
  5464 | D:7      | Reached skill level 6 in Dodging
  5807 | D:7      | 5807 ||| DROPPING ring of wizardry.
  5808 | D:7      | 5808 ||| READING scroll labelled QOCUWK HYMYSOM.
  5809 | D:7      | 5809 ||| READING scroll labelled GAMEUJ VEWKOH.
  5810 | D:7      | 5810 ||| DRINKING 2 sapphire potions.
  5811 | D:7      | 5811 ||| READING 2 scrolls of identify.
  5811 | D:7      | 5811 ||| IDENTIFYING grey potion
  5817 | D:8      | 5817 ||| PLANNING OSSUARY
  5825 | D:8      | Reached skill level 12 in Ranged Weapons
  5985 | D:8      | Found a sand-covered staircase.
  5986 | D:8      | 5986 ||| READING 2 scrolls of identify.
  5986 | D:8      | 5986 ||| IDENTIFYING viscous cyan potion
  5995 | Ossuary  | Entered an ossuary
  6117 | Ossuary  | 6117 ||| READING scroll labelled ZANIPA EPRAUBB.
  6124 | D:8      | 6124 ||| PLANNING D:1-11
  6145 | D:8      | HP: 19/78 [gnoll sergeant/+0 trident (7)]
  6146 | D:8      | 6146 ||| READING 5 scrolls of teleportation.
  6147 | D:8      | 6147 ||| DRINKING 4 potions of heal wounds.
  6150 | D:8      | Reached XP level 10. HP: 24/86 MP: 10/10
  6525 | D:8      | Reached skill level 13 in Ranged Weapons
  6528 | D:8      | Noticed Maggie
  6535 | D:8      | Killed Maggie
  6714 | D:8      | Reached skill level 9 in Fighting
  6735 | D:8      | 6735 ||| FLEEEEING.
  6931 | D:8      | 6931 ||| FLEEEEING.
  6932 | D:8      | 6932 ||| FLEEEEING.
  7014 | D:8      | Found a staircase to the Lair.
  7072 | D:8      | 7072 ||| READING scroll of enchant armour.
  7072 | D:8      | 7072 ||| ENCHANTING +0 cloak.
  7188 | D:8      | 7188 ||| UPGRADING to +0 swamp dragon scales.
  7198 | D:8      | 7198 ||| UPGRADING to +0 pair of boots.
  7255 | D:9      | Found a sacrificial altar of Ru.
  7284 | D:9      | Noticed Maurice
  7290 | D:9      | 7290 ||| READING 5 scrolls of teleportation.
  7296 | D:9      | 7296 ||| READING 4 scrolls of teleportation.
  7438 | D:9      | 7438 ||| READING scroll of enchant armour.
  7438 | D:9      | 7438 ||| ENCHANTING +0 swamp dragon scales.
  7465 | D:9      | Killed Maurice
  7617 | D:9      | Noticed Harold
  7618 | D:9      | 7618 ||| FLEEEEING.
  7619 | D:9      | 7619 ||| FLEEEEING.
  7620 | D:9      | 7620 ||| FLEEEEING.
  7621 | D:9      | 7621 ||| FLEEEEING.
  7622 | D:9      | 7622 ||| FLEEEEING.
  7623 | D:9      | 7623 ||| FLEEEEING.
  7624 | D:9      | 7624 ||| FLEEEEING.
  7625 | D:9      | 7625 ||| FLEEEEING.
  7626 | D:9      | 7626 ||| FLEEEEING.
  7627 | D:9      | 7627 ||| FLEEEEING.
  7634 | D:9      | 7634 ||| FLEEEEING.
  7640 | D:9      | 7640 ||| FLEEEEING.
  7641 | D:9      | 7641 ||| FLEEEEING.
  7642 | D:9      | 7642 ||| FLEEEEING.
  7643 | D:9      | 7643 ||| FLEEEEING.
  7644 | D:9      | 7644 ||| FLEEEEING.
  7661 | D:9      | 7661 ||| Stepping ~*~*~tactically~*~*~ (outnumbered).
  7667 | D:9      | Killed Harold
  7668 | D:9      | Reached skill level 6 in Armour
  7670 | D:9      | 7670 ||| FLEEEEING.
  7671 | D:9      | 7671 ||| FLEEEEING.
  7672 | D:9      | 7672 ||| FLEEEEING.
  7673 | D:9      | 7673 ||| FLEEEEING.
  7674 | D:9      | 7674 ||| FLEEEEING.
  7680 | D:9      | 7680 ||| FLEEEEING.
  7681 | D:9      | 7681 ||| FLEEEEING.
  7682 | D:9      | 7682 ||| FLEEEEING.
  7798 | D:9      | Reached skill level 14 in Ranged Weapons
  7799 | D:9      | Reached XP level 11. HP: 89/97 MP: 11/11
  8174 | D:10     | Entered Level 10 of the Dungeon
  8200 | D:10     | Found a glowing silver altar of Zin.
  8266 | D:10     | Noticed a cyan ugly thing
  8269 | D:10     | Noticed an ogre mage
  8276 | D:10     | Killed a cyan ugly thing
  8280 | D:10     | Killed from afar by an ogre mage

Levels and vault maps discovered:
D:1:      mainiacjoe_arrival_reflecting_pool, layout_basic,
          hellmonk_ecumenical_altar_lost_god
D:2:      layout_basic, eino_tiny_chamber, kennysheep_big_empty_room,
          serial_bayou_pond_e
D:3:      gammafunk_steamed_eel, layout_rooms, nicolae_eternal_life
D:4:      layout_basic, minmay_temple_entry_mist, serial_shops, shop,
          gup_sewer_entry_spiral, hex_large, minmay_goblin_kobold_house
D:5:      layout_basic, st_stairs_6, kennysheep_generic_room_12, uniq_eustachio
D:6:      layout_basic, lemuel_tele_altar, amethyst_overflow_temple_binary,
          minmay_misc_feat_chi
D:7:      layout_basic
D:8:      layout_basic, erik_lair_dragon, nicolae_ossuary_entry_ruins,
          uniq_maggie
D:9:      layout_loops_ring, kennysheep_little_box, kennysheep_generic_room_10,
          uniq_maurice, uniq_harold
D:10:     minmay_the_grid_four_pointed_star
          [minmay_the_grid_triangle_9x9_swiss_cheese,
          minmay_the_grid_triangle_9x9_wacky_v,
          minmay_the_grid_triangle_9x9_zippers_horizontal,
          minmay_the_grid_triangle_9x9_sparse_checkered,
          minmay_the_grid_prize_inner_circle], layout_small_grid,
          nicolae_overflow_hidden_temple, serial_shops,
          nicolae_shop_hallway_stairs, kennysheep_generic_room_8
Temple:   hellmonk_temple_divided_pantheon

Skill      XL: |  1  2  3  4  5  6  7  8  9 10 11 |
---------------+----------------------------------+-----
Ranged Weapons | 3 4 5 6 7 9 10 12 14 | 14.7
Fighting       | 2 3 4 5 7 8 9 10 | 10.0
Armour         | 1 2 6 |  6.4
Dodging        | 3 4 6 7 |  7.0
Spellcasting   | |  1.0
Hexes          | |  2.0

Action                     |  1- 3 |  4- 6 |  7- 9 | 10-12 || total
---------------------------+-------+-------+-------+-------++-------
  Melee: Unarmed           |       |       |       |     1 ||     1
   Fire: Sling             |   111 |    80 |       |       ||   191
         Longbow           |       |    45 |   205 |   141 ||   391
    Use: Scroll            |     3 |     6 |     9 |     4 ||    22
         Potion            |       |     1 |     2 |       ||     3
 Armour: Robe              |     5 |     2 |       |       ||     7
         Ring mail         |       |     7 |       |       ||     7
         Leather armour    |       |     4 |    16 |     3 ||    23
         Swamp dragon scal |       |       |       |    19 ||    19
         Skin              |       |       |       |     1 ||     1
  Dodge: Dodged            |    28 |    41 |    87 |    55 ||   211

Table legend:
 A = Non-vault XP
 B = Vault XP
 C = Vault XP percentage of total XP
 D = Non-vault monster count
 E = Vault monster count
 F = Vault count percentage of total count
                 A         B        C        D         E       F
            +---------+---------+-------+---------+---------+-------
      Total |    7407 |    6822 |  47.9 |     213 |      85 |  28.5
            +---------+---------+-------+---------+---------+-------
        D:1 |      41 |       0 |   0.0 |      26 |       0 |   0.0
        D:2 |     114 |       0 |   0.0 |      26 |       0 |   0.0
        D:3 |      43 |       0 |   0.0 |      12 |       0 |   0.0
        D:4 |     322 |      41 |  11.3 |      15 |      10 |  40.0
        D:5 |     541 |     301 |  35.7 |      14 |       3 |  17.6
        D:6 |     971 |       0 |   0.0 |      24 |       0 |   0.0
        D:7 |    1263 |       0 |   0.0 |      31 |       0 |   0.0
        D:8 |    2178 |    1475 |  40.4 |      36 |       6 |  14.3
        D:9 |    1642 |    1454 |  47.0 |      23 |       3 |  11.5
       D:10 |     292 |    2388 |  89.1 |       6 |       8 |  57.1
      Sewer |       0 |     713 | 100.0 |       0 |      28 | 100.0
    Ossuary |       0 |     450 | 100.0 |       0 |      27 | 100.0
            +---------+---------+-------+---------+---------+-------
